 Dungeon Crawl Stone Soup version 0.29.0-4-gdea44cf6ec (console) character file.

Game seed: 5867069898709013743

1960 odiv the Cleaver (level 9, -1/70 HPs)
             Began as a Minotaur Fighter on Aug 26, 2022.
             Was an Initiate of Yredelemnul.
             Slain by an orc
             ... wielding a +0 war axe
              (8 damage)
             ... in a bailey.
             The game lasted 00:22:43 (6957 turns).

odiv the Cleaver (Minotaur Fighter)                 Turns: 6957, Time: 00:22:44

Health: -1/70      AC: 10    Str: 25    XL:     9   Next: 0%
Magic:  11/11      EV:  8    Int:  5    God:    Yredelemnul [......]
Gold:   247        SH:  0    Dex: 10    Spells: 8/8 levels left

rFire   . . .      SeeInvis +   a - +1 war axe
rCold   . . .      Faith    .   c - +0 buckler
rNeg    . . .      Spirit   .   B - +0 chain mail
rPois   .          Reflect  +   (helmet restricted)
rElec   .          Harm     .   (no cloak)
rCorr   .          Rampage  .   (no gloves)
Will    .....                   (no boots)
Stlth   ..........              k - amulet of reflection
HPRegen 0.21/turn               E - ring of see invisible
MPRegen 0.12/turn               C - ring of flight

@: confused, ambrosia-drunk, flying, hasted, very quick
A: horns 2, retaliatory headbutt
a: Renounce Religion, Recall Undead Harvest


You were in a bailey.
You worshipped Yredelemnul.
Yredelemnul was noncommittal.
You visited 1 branch of the dungeon, and saw 7 of its levels.
You also visited: Bailey.

You collected 403 gold pieces.
You spent 156 gold pieces at shops.

Inventory:

Hand Weapons
 a - a +1 war axe (weapon)
 n - a +0 spear
 v - a +1 whip of venom
 w - a +0 sling
 z - a +0 whip of electrocution
 F - a +0 spear
Missiles
 f - 35 stones
 i - 4 datura-tipped darts
 m - 17 poisoned darts (quivered)
 A - a boomerang
Armour
 b - a +0 scale mail
 c - a +0 buckler (worn)
 B - a +0 chain mail (worn)
Jewellery
 k - an amulet of reflection (around neck)
 C - a ring of flight (right hand)
 E - a ring of see invisible (left hand)
Wands
 o - a wand of flame (2)
Scrolls
 e - 2 scrolls of silence
 p - a scroll of noise {unknown}
 r - a scroll of amnesia {unknown}
 y - a scroll of teleportation {unknown}
Potions
 d - a potion of might
 g - 3 potions of mutation
 h - 2 potions of ambrosia
 j - a potion of invisibility {unknown}
 l - a potion of brilliance {unknown}
 s - 3 potions of curing
 t - a potion of lignification {unknown}
 u - a potion of degeneration {unknown}


   Skills:
 - Level 3.6 Fighting
 + Level 10.0 Axes
 - Level 4.1 Throwing
 + Level 7.0 Armour
 - Level 5.0 Shields
 - Level 4.0 Invocations


You had 8 spell levels left.
You didn't know any spells.
Your spell library contained the following spells:

 Spells                   Type           Power      Damage    Failure   Level
 Beastly Appendage        Tmut           0%         N/A       99%         1
 Freeze                   Ice            0%         1d3       99%         1
 Blink                    Tloc           0%         N/A       99%         2
 Wereblood                Tmut           0%         N/A       99%         2
 Spider Form              Tmut/Pois      0%         N/A       100%        3
 Anguish                  Hex/Necr       0%         N/A       100%        4
 Petrify                  Tmut/Erth      0%         N/A       100%        4
 Manifold Assault         Tloc           0%         N/A       100%        5
 Storm Form               Tmut/Air       0%         N/A       100%        7
 Animate Dead             Necr           Unusable   N/A       N/A         4
 Death Channel            Necr           Unusable   N/A       N/A         6

Dungeon Overview and Level Annotations

Branches:
Dungeon (7/15)             Temple (0/1) D:4          Bailey (1/1)

Altars:
Cheibriados
Yredelemnul

Shops:
D:3 ::[!   D:4 =   D:6 [

Annotations:
D:3 3 runed translucent doors, FrogKing's ghost, amateur GnTm


Innate Abilities, Weirdness & Mutations

You have a pair of horns on your head.
You reflexively headbutt those who attack you in melee.


Message History

Aiming: Throw Flame
Press: ? - help, Shift-Dir - straight line, f/p - orc warrior
Aim: an orc warrior, wielding a +0 halberd (lightly wounded, 56% to hit)
The puff of flame hits the orc warrior.
The orc warrior is moderately wounded.
Unknown command.
Unknown command.
The orc warrior barely misses you. You block the orc warrior's attack.
The orc warrior hits you with a +0 halberd!
You block the orc's attack. The orc closely misses you.
There is an open door, spattered with blood here.
You barely miss the orc warrior.
The orc warrior is moderately wounded.
You barely miss the orc. You barely miss the orc warrior.
The orc warrior hits you with a +0 halberd.
The orc warrior hits you with a +0 halberd!
The orc barely misses you.
The orc hits you from afar with a +0 spear.
You feel yourself speed up.
The orc warrior hits you with a +0 halberd.
* * * LOW HITPOINT WARNING * * *
You block the orc warrior's attack. The orc barely misses you.
The orc misses you.
Unknown command.
You are confused.
You feel invigorated.
The orc warrior hits you with a +0 halberd.
* * * LOW HITPOINT WARNING * * *
The orc warrior hits you with a +0 halberd!
* * * LOW HITPOINT WARNING * * *
The orc closely misses you. x2
You are too confused!
You bump into the stone wall.
The orc hits you but does no damage. The orc closely misses you.
The orc warrior barely misses you.
The orc warrior hits you with a +0 halberd.
* * * LOW HITPOINT WARNING * * *
The orc hits you with a +0 war axe!
You die...
Your body rises from the dead as a mindless zombie.

############ ######
##.∩........## #.....#
#......#.....######.....
#.....###....#oo..#..##...
#∩...).8.....@oo..)).8....
#....)###...o#oo..#..##...
#.....)#.....######ooo..
##.∩..))....## #.....#
############ ######


You could see 2 orc warriors and 5 orcs.

Vanquished Creatures
  Pikel (D:6)
  A steam dragon (D:7)
  An orc warrior (Bailey)
  A centaur (D:5)
  An ogre (D:4)
  3 lemures
  A bullfrog (D:5)
  2 necrophages
  2 scorpions
  A howler monkey (D:5)
  5 hounds
  A jelly (D:5)
  3 orc priests (D:4)
  An iron imp (D:6)
  2 iguanas
  An orc wizard (D:3)
  9 gnolls
  5 adders
  4 worms
  4 dart slugs
  17 orcs
  6 ball pythons
  6 bats
  5 endoplasms
  3 giant cockroaches
  10 hobgoblins
  3 jackals
  7 kobolds
  3 quokkas
  A frilled lizard (D:1)
  4 goblins
  5 rats
119 creatures vanquished.

Vanquished Creatures (collateral kills)
  A necrophage (D:4)
  A wight (D:7)
  A jelly (D:6)
  An adder (D:4)
  A worm (D:2)
  3 orcs
  A goblin (D:7)
  A frilled lizard (D:2)
10 creatures vanquished.

Vanquished Creatures (others)
  2 hound zombies (D:6)
  A steam dragon zombie (D:7)
  An adder zombie (D:6)
  An iguana zombie (D:6)
  A spectral iron imp (D:6)
  2 bat zombies
  A gnoll zombie (D:6)
  A ball python zombie (D:4)
  A giant cockroach zombie (D:3)
  10 orc zombies
  A quokka zombie (D:5)
  5 plants
27 creatures vanquished.

Grand Total: 156 creatures vanquished

Notes
Turn   | Place    | Note
-------+----------+-------------------------------------------
     0 | D:1      | odiv the Minotaur Fighter began the quest for the Orb.
     0 | D:1      | Reached XP level 1. HP: 19/19 MP: 0/0
   181 | D:1      | Reached skill level 3 in Axes
   237 | D:1      | Reached XP level 2. HP: 26/26 MP: 1/1
   762 | D:1      | Reached skill level 4 in Axes
  1112 | D:1      | Reached XP level 3. HP: 7/31 MP: 2/2
  1929 | D:2      | Reached skill level 5 in Axes
  2020 | D:2      | Found a faded altar of an unknown god.
  2027 | D:2      | Got Plato's Compilation of Glaciation
  2028 | D:2      | Prayed at the altar of an unknown god.
  2028 | D:2      | Became a worshipper of Yredelemnul the Dark
  2028 | D:2      | Reached * piety under Yredelemnul
  2146 | D:2      | Reached XP level 4. HP: 23/39 MP: 3/3
  2604 | D:3      | Found Moco Par's Distillery.
  2610 | D:3      | Bought a potion of haste for 120 gold pieces
  2610 | D:3      | Bought a potion of curing for 36 gold pieces
  2616 | D:3      | Noticed FrogKing's ghost (amateur GnTm)
  2621 | D:3      | Found a runed translucent gate.
  2621 | D:3      | Found a runed translucent gate.
  2622 | D:3      | Found a runed translucent gate.
  2651 | D:3      | Found Alodose's Antique Armour Shop.
  2659 | D:3      | Noticed a necrophage
  2780 | D:3      | Reached skill level 1 in Throwing
  2780 | D:3      | Reached skill level 1 in Invocations
  2932 | D:3      | Killed a necrophage
  2933 | D:3      | Reached XP level 5. HP: 45/45 MP: 3/5
  3180 | D:3      | Found Weripp's Book Shoppe.
  3181 | D:3      | Found Geepacs's Book Shop.
  3379 | D:4      | Noticed an ogre
  3383 | D:4      | Killed an ogre
  3384 | D:4      | Reached skill level 6 in Axes
  3395 | D:4      | Reached XP level 6. HP: 49/51 MP: 6/6
  3624 | D:4      | Found Sawexzot's Jewellery Shop.
  3754 | D:4      | Reached ** piety under Yredelemnul
  3798 | D:4      | Found a staircase to the Ecumenical Temple.
  3838 | D:4      | Got the Discursus on Iron Evil Liturgies
  4157 | D:5      | Entered Level 5 of the Dungeon
  4190 | D:5      | Reached XP level 7. HP: 54/57 MP: 8/8
  4251 | D:4      | Reached skill level 7 in Axes
  4973 | D:6      | Noticed Pikel
  5674 | D:5      | Reached XP level 8. HP: 42/64 MP: 10/10
  5868 | D:6      | Reached skill level 8 in Axes
  6065 | D:6      | Found Gefih's Armour Emporium.
  6088 | D:6      | Found a snail-covered altar of Cheibriados.
  6096 | D:6      | Reached skill level 5 in Armour
  6608 | D:6      | Killed Pikel
  6609 | D:6      | Reached skill level 9 in Axes
  6609 | D:6      | Reached skill level 5 in Shields
  6839 | D:7      | Found a flagged portal.
  6880 | Bailey   | Entered a bailey
  6914 | Bailey   | Reached skill level 10 in Axes
  6935 | Bailey   | Reached XP level 9. HP: 68/70 MP: 11/11
  6957 | Bailey   | Slain by an orc

Illustrated notes

Levels and vault maps discovered:
D:1:      amcnicky_arrival_underground_garden, layout_basic, nrook_campfire,
          minmay_liquid_box
D:2:      layout_loops_corners, shapermc_ecumenical_altar_rom_forum
D:3:      layout_loops_ring, serial_rivers, chequers_serial_rivers_micro_c,
          chequers_serial_rivers_micro_a, chequers_serial_rivers_marsh,
          chequers_serial_rivers_micro_a, serial_shops,
          nicolae_shop_overgrown_old_shop, shop, shop, shop,
          gammafunk_ghost_split
D:4:      layout_cave_pools, temple_fountains, serial_shops, shop
D:5:      layout_rooms
D:6:      layout_basic, slow_altar_2, serial_shops, shop, chequers_garden,
          uniq_pikel
D:7:      layout_basic, enter_bailey_4
Bailey:   bailey_polearm_5, bailey

Skill      XL: |  1  2  3  4  5  6  7  8 |
---------------+-------------------------+-----
Axes           | 3 4 5 6 7 10 | 10.0
Throwing       | 1 2 3 4 |  4.1
Invocations    | 1 2 3 4 |  4.0
Armour         | 4 7 |  7.0
Shields        | 5 |  5.0
Fighting       | |  3.6

Action                   |  1- 3 |  4- 6 |  7- 9 || total
-------------------------+-------+-------+-------++-------
Melee: War axe           |    73 |   106 |   163 ||   342
       Headbutt          |    12 |    23 |    15 ||    50
       Whip              |       |       |     5 ||     5
Throw: Stone             |     4 |       |       ||     4
       Dart              |    15 |     2 |     6 ||    23
       Javelin           |       |     9 |     7 ||    16
Invok: Recall Undead Har |       |       |     1 ||     1
Evoke: Wand              |       |       |     3 ||     3
  Use: Scroll            |       |     3 |     4 ||     7
       Potion            |       |       |     8 ||     8
 Stab: Distracted        |       |     1 |       ||     1
Armor: Scale mail        |    15 |    34 |    23 ||    72
       Chain mail        |       |       |    38 ||    38
Dodge: Dodged            |    30 |    31 |   100 ||   161
Block: Buckler           |    28 |    49 |   146 ||   223
       Reflection        |       |     1 |     6 ||     7
